 Dungeon Crawl Stone Soup version 0.22-a0-825-ga28c36f (webtiles) character file.

2879 sking99 the Grappler (level 9, -8/89 HPs)
             Began as a Troll Monk on July 24, 2018.
             Mangled by an orc warlord
             ... wielding a +0 great mace
              (28 damage)
             ... in a bailey.
             The game lasted 00:10:54 (5246 turns).

sking99 the Grappler (Troll Monk)                   Turns: 5246, Time: 00:10:54

Health: -8/89      AC:  8    Str: 21    XL:     9   Next: 48%
Magic:  8/8        EV: 14    Int:  9    God:
Gold:   227        SH: 17    Dex: 17    Spells: 8/8 levels left

rFire    . . .     SeeInvis .     - Unarmed
rCold    . . .     Gourm    +   z - +3 large shield {rN+}
rNeg     + . .     Faith    .   y - +2 robe {MR+}
rPois    .         Spirit   .   (helmet restricted)
rElec    .         Reflect  .   C - +0 cloak
rCorr    .         Harm     .   (gloves unavailable)
MR       +....                  (boots unavailable)
Stlth    +++.......             (no amulet)
HPRegen  0.64/turn              (no ring)
MPRegen  0.11/turn              (no ring)

@: agile
A: large, unfitting armour, claws 3, fast metabolism 3, gourmand, regeneration
1, shaggy fur 1, tough skin 2
a: no special abilities


You were in a bailey.
You were completely stuffed.

You visited 1 branch of the dungeon, and saw 7 of its levels.
You also visited: Bailey.

You collected 227 gold pieces.

Inventory:

Armour
 y - a +2 robe of magic resistance (worn)
 z - a +3 large shield of positive energy (worn)
 C - a +0 cloak (worn)
Jewellery
 m - an uncursed ring of poison resistance {unknown}
 p - an uncursed ring of ice {unknown}
 t - a +2 ring of dexterity {unknown}
 v - an uncursed ring of wizardry {unknown}
Wands
 a - a wand of digging (6)
 h - a wand of random effects (19)
 x - a wand of flame (28)
 B - a wand of polymorph (8)
Scrolls
 d - a scroll of enchant weapon
 e - 3 scrolls of fog
 f - a scroll of magic mapping
 i - a scroll of amnesia
 j - a scroll of brand weapon {unknown}
 k - 2 scrolls of teleportation
 o - 2 scrolls of random uselessness {unknown}
 r - 3 scrolls of enchant armour
 D - a scroll of blinking {unknown}
Potions
 c - 2 potions of might {unknown}
 g - 7 potions of curing
 l - a potion of ambrosia {unknown}
 q - a potion of mutation
 s - a potion of resistance {unknown}
 u - a potion of magic {unknown}
 A - a potion of brilliance {unknown}
Comestibles
 b - 10 rations
 w - 21 chunks of flesh


   Skills:
 + Level 6.0 Fighting
 - Level 5.2 Dodging
 - Level 1.1 Stealth
 + Level 2.6 Shields
 * Level 9.8 Unarmed Combat


You had 8 spell levels left.
You didn't know any spells.
Your spell library contained the following spells:

 Spells                   Type           Power        Failure   Level  Hunger
 Apportation              Tloc           #.....       99%         1    ##.....
 Summon Small Mammal      Summ           #...         99%         1    ##.....
 Animate Skeleton         Necr           N/A          99%         1    ##.....
 Confusing Touch          Hex            #.....       99%         1    ##.....


Dungeon Overview and Level Annotations

Branches:
Dungeon (7/15)             Temple (0/1) D:6

Altars:
Hepliaklqana
Kikubaaqudgha
Wu Jian
The Shining One

Annotations:
D:4 WinstonMain's ghost, amateur DsCK
D:5 torrenera's ghost, amateur DrAE


Innate Abilities, Weirdness & Mutations

You are too large for most types of armour.
You have claws for hands.
Your metabolism is lightning-fast.
You like to eat raw meat.
Your natural rate of healing is unusually fast.
You are covered in fur. (AC +1)
You have very tough skin. (AC +2)


Message History

The orc warriors go into a battle-frenzy!
You scratch the orc warlord but do no damage.
The orc warlord is severely wounded.
The orc warlord hits you with a great mace!!
* * * LOW HITPOINT WARNING * * *
You feel much better.
The orc warlord hits you with a great mace!!
* * * LOW HITPOINT WARNING * * *
You claw the orc warlord!
The orc warlord is severely wounded.
You scratch the orc warlord but do no damage.
The orc warlord is severely wounded.
The orc warlord completely misses you.
You mangle the orc warlord!!
The orc warlord is almost dead.
The orc warlord closely misses you.
You scratch the orc warlord.
The orc warlord is almost dead.
The orc warlord hits you with a great mace!!
You die...

#...........#......)..
#...........#......)..
###.........###.......)
###.#'#.....###.###.....#
###....)###.###...
###.### ##.........###
.... ###.. #..........8#
o.... #...
#..........8#oog... #...
#∩....⌠....@oggg... #...
#..........8#gog... #...
#..........8#


go... #... ##.........### .... ###.. ###....)###.###... ###.###
###.#)#.....###.###.....# ###.........###........ #...........#.........
#...........#......... You could see an orc warlord, 5 orc warriors, 2 gnolls, 2
hobgoblins and 3 goblins.

Vanquished Creatures
  An orc knight (Bailey)
  Pikel (D:5)
  An ice beast (D:5)
  8 orc warriors
  2 ogres (D:5)
  A phantom (D:6)
  A centaur (D:7)
  Blork the orc (D:6)
  A big kobold (D:3)
  3 jellies
  A howler monkey (D:5)
  A crimson imp (D:7)
  A bullfrog zombie (D:5)
  5 orc wizards
  2 worker ants (D:5)
  A killer bee zombie (D:5)
  8 gnolls
  4 adders
  A shadow imp (D:6)
  2 worms
  3 dart slugs
  5 leopard geckos
  34 orcs
  6 bats
  A giant cockroach (D:2)
  34 goblins
  22 hobgoblins
  2 quokkas
  6 frilled lizards
  4 hobgoblin zombies (D:7)
  A jackal zombie (D:5)
  6 kobolds (D:1)
  An orc skeleton (D:7)
  2 orc zombies (D:7)
  2 quokka skeletons
  10 rats
185 creatures vanquished.

Vanquished Creatures (others)
  A shadow imp (D:5)
  An orc (D:5)
2 creatures vanquished.

Grand Total: 187 creatures vanquished

Notes
Turn   | Place    | Note
-------+----------+-------------------------------------------
     0 | D:1      | sking99 the Troll Monk began the quest for the Orb.
     0 | D:1      | Reached XP level 1. HP: 22/22 MP: 0/0
   137 | D:1      | Reached XP level 2. HP: 29/29 MP: 1/1
   396 | D:1      | Reached XP level 3. HP: 35/36 MP: 2/2
   930 | D:2      | Found a faded altar of an unknown god.
  1181 | D:3      | Reached XP level 4. HP: 43/44 MP: 3/3
  1182 | D:3      | Reached skill level 4 in Unarmed Combat
  1437 | D:3      | Reached XP level 5. HP: 53/53 MP: 4/4
  1902 | D:4      | Reached skill level 5 in Unarmed Combat
  1945 | D:4      | Found an ancient bone altar of Kikubaaqudgha.
  2247 | D:4      | Found a runed door.
  2327 | D:4      | Reached XP level 6. HP: 26/61 MP: 5/5
  2565 | D:4      | Noticed WinstonMain's ghost (amateur DsCK)
  2604 | D:5      | Entered Level 5 of the Dungeon
  2605 | D:5      | Noticed an ice beast
  2613 | D:5      | Killed an ice beast
  2621 | D:5      | Found a runed door.
  2621 | D:5      | Noticed torrenera's ghost (amateur DrAE)
  2825 | D:5      | Noticed a slave
  2826 | D:5      | Noticed Pikel
  2826 | D:5      | Noticed a slave
  2826 | D:5      | Noticed a slave
  2826 | D:5      | Noticed a slave
  2942 | D:5      | Killed Pikel
  2942 | D:5      | Reached skill level 7 in Unarmed Combat
  2942 | D:5      | Reached XP level 7. HP: 20/71 MP: 6/6
  3171 | D:5      | Reached XP level 8. HP: 44/79 MP: 7/7
  3829 | D:6      | Reached skill level 5 in Fighting
  3829 | D:6      | Reached skill level 5 in Dodging
  3829 | D:6      | Reached skill level 8 in Unarmed Combat
  3913 | D:6      | Found an ornate altar of the Wu Jian Council.
  3980 | D:6      | Noticed Blork the orc
  3983 | D:6      | Killed Blork the orc
  4062 | D:6      | Found a staircase to the Ecumenical Temple.
  4306 | D:6      | Found a hazy altar of Hepliaklqana.
  4604 | D:7      | Found a glowing golden altar of the Shining One.
  4649 | D:7      | Found a flagged portal.
  4676 | Bailey   | Entered a bailey
  4766 | Bailey   | Reached skill level 1 in Shields
  4882 | Bailey   | Reached XP level 9. HP: 88/88 MP: 8/8
  4916 | Bailey   | Noticed an orc knight
  4942 | Bailey   | Killed an orc knight
  4942 | Bailey   | Reached skill level 9 in Unarmed Combat
  5219 | Bailey   | Noticed an orc warlord
  5246 | Bailey   | Mangled by an orc warlord

Vault maps used:
D:1:      minmay_arrival_doors, minmay_pentomino_p2
D:2:      chequers_ecumenical_altar_simple_redux
D:3:      first_ration
D:4:      nicolae_overflow_crystal_walls, ebering_ghost_reflecting_pool
D:5:      gammafunk_ghost_grave, minivault_1, uniq_pikel
D:6:      kennysheep_mini_moat, lemuel_doored_altar,
          minmay_temple_entry_glassed_door, uniq_blork_the_orc
D:7:      nemelex_xobeh_ov_fountains_minmay, basic_altar, enter_bailey_3,
          nicolae_tso_besieged_by_evil
Bailey:   bailey_axe_minmay_hex_keep, bailey

Skill      XL: |  1  2  3  4  5  6  7  8  9 |
---------------+----------------------------+-----
Unarmed Combat | 4 5 7 8 9 |  9.8
Fighting       | 3 4 5 6 |  6.0
Dodging        | 3 4 5 |  5.2
Shields        | 1 2 |  2.6
Stealth        | |  1.1

Action                   |  1- 3 |  4- 6 |  7- 9 || total
-------------------------+-------+-------+-------++-------
Melee: Unarmed           |   118 |   120 |   289 ||   527
       Punch             |     1 |     3 |     4 ||     8
  Use: Scroll            |       |     9 |     5 ||    14
       Potion            |       |     3 |     3 ||     6
 Stab: Sleeping          |     4 |     1 |       ||     5
       Invisible         |       |       |     2 ||     2
  Eat: Chunk             |    16 |    16 |    22 ||    54
Armor: Robe              |    41 |    21 |    37 ||    99
Dodge: Dodged            |    65 |    45 |    54 ||   164
Block: Large shield      |       |       |   150 ||   150

Table legend:
 A = Spawn XP
 B = Non-spawn XP
 C = Spawn XP percentage of total XP
 D = Spawn monster count
 E = Non-spawn monster count
 F = Spawn count percentage of total count
 G = Total turns spent on level
                    A         B        C        D         E        F      G
               +---------+---------+-------+---------+---------+-------+---------
         Total |       0 |    4113 |   0.0 |       0 |     185 |   0.0 |  5246
               +---------+---------+-------+---------+---------+-------+---------
           D:1 |       0 |      57 |   0.0 |       0 |      32 |   0.0 |   662
           D:2 |       0 |      32 |   0.0 |       0 |      14 |   0.0 |   483
           D:3 |       0 |     214 |   0.0 |       0 |      22 |   0.0 |   632
           D:4 |       0 |     122 |   0.0 |       0 |      15 |   0.0 |   983
           D:5 |       0 |    1521 |   0.0 |       0 |      24 |   0.0 |  1015
           D:6 |       0 |     452 |   0.0 |       0 |       9 |   0.0 |   757
           D:7 |       0 |     181 |   0.0 |       0 |      14 |   0.0 |   144
        Bailey |       0 |    1534 |   0.0 |       0 |      55 |   0.0 |   570
               +---------+---------+-------+---------+---------+-------+---------
